 Dungeon Crawl Stone Soup version 0.30-a0-782-ge64f9170bb (webtiles) character file.

Game seed: 18157001754967150358

70 Crownlay the Insei (level 4, -2/28 HPs)
             Began as an Octopode Transmuter on Feb 26, 2023.
             Killed from afar by an orc wizard (10 damage)
             ... with a puff of flame
             ... on level 2 of the Dungeon.
             The game lasted 00:01:40 (1101 turns).

Crownlay the Insei (Octopode Transmuter)            Turns: 1101, Time: 00:01:40

Health: -2/28      AC:  1    Str:  9    XL:     4   Next: 21%
Magic:  7/7        EV: 13    Int: 17    God:
Gold:   128        SH:  0    Dex: 12    Spells: 5/8 levels left

rFire   . . .      SeeInvis .      - Unarmed
rCold   . . .      Faith    .    (no shield)
rNeg    . . .      Spirit   .    (helmet restricted)
rPois   .          Reflect  .    (no amulet)
rElec   .          Harm     .    (no ring)
rCorr   .          Rampage  .    (no ring)
Will    .....                    (no ring)
Stlth   ++                       (no ring)
HPRegen 0.24/turn                (no ring)
MPRegen 0.10/turn                (no ring)
                                 (no ring)
                                 (no ring)

@: no status effects
A: almost no armour, amphibious, 8 rings, camouflage 1, gelatinous body 1,
(nimble swimmer 1), tentacles
a: no special abilities


You were on level 2 of the Dungeon.
You visited 1 branch of the dungeon, and saw 2 of its levels.

You collected 128 gold pieces.

Inventory:

Wands
 k - a wand of charming (6)
Scrolls
 b - 2 scrolls of teleportation {unknown}
 d - a scroll of brand weapon {unknown}
 e - 3 scrolls of identify {unknown}
 j - 2 scrolls of magic mapping {unknown}
 m - a scroll of poison {unknown}
Potions
 a - a potion of lignification
 c - a potion of invisibility {unknown}
 f - 2 potions of curing {unknown}
 g - a potion of degeneration {unknown}
 h - a potion of ambrosia {unknown}
 i - a potion of resistance {unknown}
 l - a potion of might {unknown}


   Skills:
 - Level 1.0 Fighting
 - Level 2.0 Dodging
 + Level 3.5 Unarmed Combat
 + Level 2.6 Spellcasting
 * Level 3.4 Transmutations


You had 5 spell levels left.
You knew the following spells:

 Your Spells              Type           Power      Damage    Failure   Level
a - Beastly Appendage     Tmut           26%        N/A       4%          1
b - Wereblood             Tmut           13%        N/A       7%          2

Your spell library contained the following spells:

 Spells                   Type           Power      Damage    Failure   Level
 Spider Form              Tmut/Pois      8%         N/A       26%         3
 Ice Form                 Ice/Tmut       8%         N/A       65%         4


Dungeon Overview and Level Annotations

Branches:
Dungeon (2/15)

Altars:
Ru


Innate Abilities, Weirdness & Mutations

You cannot wear most types of armour.
You are amphibious.
You can wear up to eight rings at the same time.
Your skin changes colour to match your surroundings (Stealth+).
Your rubbery body absorbs attacks. (AC +1, EV +1)
((You are camouflaged when in or above water. (Stealth+)))
You have tentacles for arms and can constrict up to eight enemies at once.


Message History

There is an open door here.
You close the door.
As you open the door, it creaks loudly!
You completely miss something.
Your tentacle spike misses something.
Your squeeze misses something.
Your transformation is almost over.
You hear some strange, mumbled words.
A puff of flame appears from out of thin air!
The puff of flame misses you.
You tentacle-slap something but do no damage.
Your tentacle spike misses something.
Your squeeze misses something. Something hits you.
You tentacle-slap something.
Your tentacle spike misses something.
Your squeeze misses something. Something hits you.
You closely miss something.
Your tentacle spike misses something.
You squeeze something. You barely miss something.
You tentacle-slap the orc but do no damage.
Your grab misses the orc.
You pierce the orc.
You squeeze the orc.
The orc is heavily wounded.
Something hits you. The orc hits you with a +0 hand axe.
You closely miss the orc. Your grab misses the orc. You squeeze the orc.
The orc is almost dead.
Something hits you. The orc barely misses you.
You tentacle-slap the orc but do no damage.
You grab the orc.
You pierce the orc, but do no damage.
The orc is almost dead.
You constrict the orc.
You kill the orc!
Something hits you.
You miss something.
Your tentacle spike misses something.
Something hits you.
You closely miss something.
You pierce something.
Something hits you.
* * * LOW HITPOINT WARNING * * *
You tentacle-slap something but do no damage.
Your tentacle spike misses something.
Your tentacle spike disappears.
You hear some strange, mumbled words.
A puff of flame appears from out of thin air!
The puff of flame hits you!
You die...

## .. #. ####### #. #####
#.....# #. #...# #.....#
#.####.###{..#####.....####
....?....)@.†'.[.......'...
#.(....###...####......####
#..##### #...# #......#
...#<..# #...# #....###
#.####.# #...# ###### ##
#.# #.# ##### ... #.# #.# #
#..###.# #.# # #.....####.#
#


There were no monsters in sight!

Vanquished Creatures
  Jessica (D:2)
  A gnoll (D:1)
  2 worms (D:2)
  A dart slug (D:1)
  An orc (D:2)
  An endoplasm (D:2)
  2 giant cockroaches
  4 goblins
  2 hobgoblins
  3 jackals (D:2)
  2 bats (D:2)
  A frilled lizard (D:2)
  2 kobolds (D:1)
  2 rats
25 creatures vanquished.

Notes
Turn   | Place    | Note
-------+----------+-------------------------------------------
     0 | D:1      | Crownlay the Octopode Transmuter began the quest for the
                  | Orb.
     0 | D:1      | Reached XP level 1. HP: 13/13 MP: 3/3
   253 | D:1      | Reached XP level 2. HP: 11/18 MP: 3/5
   342 | D:1      | Learned a level 2 spell: Wereblood
   735 | D:2      | Reached XP level 3. HP: 18/23 MP: 4/6
   966 | D:2      | Found a sacrificial altar of Ru.
   967 | D:2      | Noticed Jessica
   974 | D:2      | Killed Jessica
   975 | D:2      | Reached XP level 4. HP: 23/28 MP: 5/7
  1101 | D:2      | Killed from afar by an orc wizard

Illustrated notes

Levels and vault maps discovered:
D:1:      dpeg_arrival_boxorama, layout_loops_cross, chequers_mini_garden
D:2:      layout_basic, basic_altar, minmay_pentomino_o4, uniq_jessica

Skill      XL: |  1  2  3 |
---------------+----------+-----
Transmutations | 3 |  3.4
Fighting       | |  1.0
Dodging        | |  2.0
Unarmed Combat | |  3.5
Spellcasting   | |  2.6

Action                     |  1- 3 |  4- 6 || total
---------------------------+-------+-------++-------
  Melee: Kick              |    18 |     6 ||    24
         Constrict         |    17 |     4 ||    21
         Unarmed           |    38 |    21 ||    59
         Tentacles         |    13 |     8 ||    21
         Dagger            |     2 |       ||     2
   Cast: Beastly Appendage |    14 |     3 ||    17
   Stab: Sleeping          |     1 |       ||     1
 Armour: Skin              |     6 |     3 ||     9
  Dodge: Dodged            |    18 |     7 ||    25

Table legend: (Time is in decaauts)
 A = Elapsed time spent in this place.
 B = Non-inter-level travel time spent in this place.
 C = Inter-level travel time spent in this place.
 D = Time resting spent in this place.
 E = Time spent auto-exploring this place.
 F = Levels seen in this place.
 G = Mean time per level.
                   A        B        C        D        E       F      G
               +--------+--------+--------+--------+--------+-----+--------+
         Total |   1095 |   1069 |     26 |      0 |    871 |   2 |  547.5 |
       Dungeon |   1095 |   1069 |     26 |      0 |    871 |   2 |  547.5 |
               +--------+--------+--------+--------+--------+-----+--------+

Top non-repeatable levels by time:
     D:1: 636 daAuts
     D:2: 459 daAuts
